 Dungeon Crawl Stone Soup version 0.20-a0-959-gdc9e609 (webtiles) character file.

136234 nubinia the Cloud Mage (level 16, -4/83 HPs)
             Began as a Tengu Air Elementalist on Apr 4, 2017.
             Was a High Priest of Sif Muna.
             Slain by Agnes
             ... wielding a +3 vampiric lajatang
              (31 damage)
             ... on level 2 of the Spider Nest on Apr 6, 2017.
             The game lasted 04:24:17 (45303 turns).

nubinia the Cloud Mage (Tengu Air Elementalist)    Turns: 45303, Time: 04:24:18

Health: -4/83      AC: 17    Str: 12    XL:     16   Next: 89%
Magic:  19/37      EV: 17    Int: 21    God:    Sif Muna [*****.]
Gold:   1204       SH: 10    Dex: 20    Spells: 3/41 levels left

rFire    . . .     SeeInvis +   b - staff of air
rCold    . . .     Gourm    .   Z - +2 buckler {AC+3}
rNeg     . . .     Faith    .   J - +0 swamp dragon scales
rPois    +         Spirit   .   O - +3 crown of Dyrovepreva {rElec Int+2 SInv}
rElec    +         Reflect  +   i - +1 cloak of Intercession {Slay+3 Stlth+}
rCorr    .         Harm     .   T - +0 pair of gloves
MR       +++..                  (boots unavailable)
Stlth    +++++.....             B - amulet "Egij" {Reflect MR+ SH+3}
Regen    0.3/turn               y - ring of Paeq {Wiz Dex+5 Stlth+}
MPRegen  0.3/turn               j - +2 ring of evasion

@: flying quickly and evasively, divine energy, deflect missiles, quick
A: antennae 1, beak, talons 3, blink, high mp 1, magic resistance 1, able to fly
2
}: 1/15 runes: decaying
a: Stop Flying, Blink, Stop Divine Energy, Channel Magic, Forget Spell, Renounce
Religion


You were on level 2 of the Spider Nest.
You worshipped Sif Muna.
Sif Muna was extremely pleased with you.
You were not hungry.

You visited 6 branches of the dungeon, and saw 27 of its levels.
You also visited: Ossuary.

You collected 2616 gold pieces.
You spent 1412 gold pieces at shops.

Inventory:

Hand Weapons
 a - a +2 falchion of slicing
 P - the +7 morningstar "Jykhlu Paluo" {drain, rF++}
   (You found it on level 6 of the Lair of Beasts)

   A truly terrible weapon, it drains the life of those it strikes.
   It greatly protects you from fire.
Armour
 i - the +1 cloak of Intercession (worn) {Slay+3 Stlth+}
   (You bought it in a shop on level 5 of the Dungeon)

   It affects your accuracy and damage with ranged weapons and melee attacks
   (+3).
   It makes you more stealthy.
 n - the +5 shield of Narcissism {Slay+5}
   (You bought it in a shop on level 2 of the Orcish Mines)

   It affects your accuracy and damage with ranged weapons and melee attacks
   (+5).
 J - +0 swamp dragon scales (worn)
 O - the +3 crown of Dyrovepreva (worn) {rElec Int+2 SInv}
   (You bought it in a shop on level 5 of the Dungeon)

   It affects your intelligence (+2).
   It insulates you from electricity.
   It lets you see invisible.
 T - a +0 pair of gloves (worn)
 Z - a +2 buckler of protection (worn)
Magical Staves
 b - an uncursed staff of air (weapon)
Jewellery
 h - a +4 ring of dexterity
 j - a +2 ring of evasion (right hand)
 y - the ring of Paeq (left hand) {Wiz Dex+5 Stlth+}
   (You took it off a centaur warrior on level 12 of the Dungeon)

   [ring of wizardry]

   It improves your spell success rate.
   It affects your dexterity (+5).
   It makes you more stealthy.
 B - the amulet "Egij" (around neck) {Reflect MR+ SH+3}
   (You took it off an efreet on level 12 of the Dungeon)

   [amulet of reflection]

   It shields you and reflects attacks.
   It affects your resistance to hostile enchantments.
   It affects your SH (+3).
 K - an uncursed ring of positive energy
Wands
 g - a wand of clouds (5/9)
 r - a wand of iceblast (9/15)
 C - a wand of iceblast (5/15)
 H - a wand of acid (5/15)
 Q - a wand of iceblast (10/15)
 U - a wand of clouds (3/9)
 V - a wand of iceblast (4/15)
Scrolls
 l - a scroll of identify
 m - 4 scrolls of blinking
 o - 11 scrolls of remove curse
 p - 4 scrolls of enchant armour
 s - 11 scrolls of teleportation
 u - a scroll of recharging
 D - a scroll of enchant weapon
 L - 3 scrolls of fear
 W - 9 scrolls of magic mapping
 X - 4 scrolls of fog
Potions
 d - 2 potions of resistance
 e - 9 potions of curing
 q - 2 potions of heal wounds
 w - 4 potions of haste
 x - 2 potions of might
 z - 5 potions of agility
 A - 4 potions of brilliance
 N - a potion of ambrosia
Books
 f - Sif Muna's Incunabulum of the Birds
   (Sif Muna gifted it to you on level 4 of the Swamp)

   Spells                             Type                      Level
   a - Shock                          Conjuration/Air              1
   b - Static Discharge               Conjuration/Air              3
   c - Silence                        Hexes/Air                    5
   d - Chain Lightning                Conjuration/Air              8
Miscellaneous
 k - a lightning rod (4/4)
 E - a lamp of fire
 G - a phial of floods
 R - 2 sacks of spiders
Comestibles
 c - 14 bread rations
 I - 4 meat rations
 S - 2 fruits


   Skills:
 + Level 3.2 Fighting
 + Level 6.1 Long Blades
 + Level 2.6 Armour
 + Level 4.4 Dodging
 + Level 5.8 Stealth
 + Level 1.5 Shields
 + Level 13.0 Spellcasting
 * Level 14.0 Conjurations
 + Level 2.1 Charms
 + Level 3.8 Summonings
 + Level 4.0 Translocations
 * Level 10.4 Fire Magic
 * Level 21.7 Air Magic
 - Level 3.0 Poison Magic
 * Level 3.4 Invocations
 + Level 0.8 Evocations


You had 3 spell levels left.
You knew the following spells:

 Your Spells              Type           Power        Failure   Level  Hunger
a - Shock                 Conj/Air       ####         0%          1    None
b - Airstrike             Air            ########..   1%          4    None
c - Mephitic Cloud        Conj/Pois/Air  #######.     1%          3    None
d - Sticky Flame          Conj/Fire      ######..     1%          4    None
e - Summon Lightning Spi  Summ/Air       #######.     1%          4    None
f - Force Lance           Conj/Tloc      ######..     1%          4    None
g - Lightning Bolt        Conj/Air       #######...   1%          5    ####...
h - Deflect Missiles      Chrm/Air       #######...   7%          6    #####..
i - Iskenderun's Battles  Conj/Chrm      #####...     7%          5    ####...
s - Swiftness             Chrm/Air       #######.     1%          2    None


Dungeon Overview and Level Annotations

Branches:
Dungeon (12/15)            Temple (1/1) D:6            Lair (6/6) D:11
  Swamp (4/4) Lair:4       Spider (2/4) Lair:4        Slime (0/5) Lair:6
    Orc (2/2) D:12            Elf (0/3) Orc:2

Altars:
Ashenzari
Cheibriados
Dithmenos
Elyvilon
Fedhas
Gozag
Hepliaklqana
Kikubaaqudgha
Makhleb
Nemelex Xobeh
Okawaru
Qazlal
Ru
Sif Muna
Trog
Uskayaw
Vehumet
Wu Jian
Xom
Yredelemnul
Zin
The Shining One
Beogh
Jiyva

Shops:
D:4 [   D:5 [   D:7 }   D:10 *   Orc:2 =[((

Annotations:
D:4 Eustachio
Spider:2 Agnes


Innate Abilities, Weirdness & Mutations

You have a beak for a mouth.
You have claws for feet.
You can fly continuously.
You have a pair of small antennae on your head.
You can translocate small distances at will.
You have an increased reservoir of magic. (+10% MP)
You are resistant to hostile enchantments. (MR+)


Message History

Agnes the Wanderer comes into view.
She is wielding a vampiric lajatang.
Agnes mutters, "I could really go for a good breadfruit right now."
Agnes says, "You dishonour your ancestors."
You block Agnes's attack.
A wolf spider and a demonic crawler come into view.
Agnes hits you with a vampiric lajatang!
Your lightning spire shoots out a bolt of lightning at the emperor scorpion!
The bolt of electricity hits the emperor scorpion.
Agnes hits you with a vampiric lajatang!
The emperor scorpion barely misses something.
The emperor scorpion claws something!
The emperor scorpion claws something.
Agnes hits you with a vampiric lajatang!
Agnes hits you but does no damage. You block Agnes's attack.
There is a stone staircase leading up, spattered with blood here.
Agnes hits you with a vampiric lajatang!
You block the wolf spider's attack.
The wolf spider bites you but does no damage.
Agnes hits you with a vampiric lajatang!!
You die...

# #^#.#......#..
######.†.#######
#..........#...#
#.......†.##..#######
#####...#†...##.....#
.......#.....#....#
#<..#.†#...###..####
##..#..#.....s.....###
#..^#..#^#^.si@......#
##. ...###...#####...#
... ##.... ## ........
.#...#.... #.
##..##.^. # .... ##.
..#. ..


You could see Agnes, a demonic crawler and a wolf spider.

Vanquished Creatures
  the Lernaean hydra (Swamp:4)
  A tentacled monstrosity (Swamp:3)
  4 thorn hunters
  An orc warlord (Orc:1)
  Louise (Swamp:1)
  A very ugly thing (Swamp:3)
  An entropy weaver (Spider:2)
  Nessos (Lair:4)
  Josephine (Orc:2)
  14 hydras
  A centaur warrior (D:12)
  A ghost crab (Swamp:1)
  4 two-headed ogres
  2 death yaks (Lair:6)
  5 alligators
  A deep troll earth mage (D:12)
  An orc high priest (Orc:1)
  4 spriggans
  9 swamp dragons
  An unseen horror (D:12)
  A spriggan druid (Swamp:3)
  6 wolf spiders
  An orc knight (Orc:2)
  3 ugly things
  3 orb spiders (Spider:1)
  3 orc sorcerers
  A deep elf mage (D:12)
  2 manticores (Lair:6)
  3 elephants (Lair:6)
  A moth of wrath (Spider:1)
  A black mamba (Lair:2)
  19 spiny frogs
  A torpor snail (Spider:1)
  An efreet (D:12)
  7 komodo dragons
  A rime drake (Lair:2)
  2 trolls
  4 jumping spiders
  A tyrant leech (Swamp:4)
  A polar bear (Lair:3)
  4 dream sheep (Lair:6)
  A bog body (Swamp:3)
  9 slime creatures
  12 hornets
  13 blink frogs
  4 hippogriffs
  8 tarantellas
  12 redbacks
  2 shadows
  5 wraiths
  2 basilisks
  A human (D:9)
  A wyvern (Lair:3)
  4 hogs (D:9)
  A fire elemental (Lair:4)
  53 yaks
  4 fire bats (Lair:4)
  A hungry ghost (D:12)
  11 vampire mosquitoes
  15 swamp worms
  5 wargs
  9 insubstantial wisps
  12 porcupines
  8 water moccasins
  8 swamp drakes
  21 orc warriors
  4 ice beasts
  5 sky beasts
  2 black bears
  2 phantoms
  3 ogres
  4 centaurs
  4 wolves (Lair:1)
  8 crocodiles
  2 big kobolds
  17 bullfrogs
  2 elf skeletons (D:7)
  2 wyvern zombies
  A wyvern skeleton (D:7)
  4 scorpions
  A killer bee (D:8)
  3 wights (Ossuary)
  3 electric eels
  2 howler monkeys
  A bullfrog zombie (D:10)
  A centaur zombie (Ossuary)
  11 crimson imps
  13 orc priests
  2 human zombies (D:7)
  2 bullfrog skeletons
  7 jellies
  21 orc wizards
  3 iguanas
  8 worker ants
  2 hound zombies
  A worker ant zombie (D:6)
  9 adders
  2 shadow imps
  An ooze (D:3)
  An adder skeleton (D:9)
  2 adder zombies
  4 worms
  8 leopard geckos
  92 orcs
  2 ball pythons
  5 giant cockroaches
  5 goblins
  13 hobgoblins
  4 jackals (D:7)
  16 kobolds
  7 quokkas
  7 bats
  6 frilled lizards
  A giant cockroach zombie (D:5)
  A hobgoblin skeleton (Ossuary)
  A hobgoblin zombie (Ossuary)
  A jackal skeleton (D:5)
  A leopard gecko skeleton (D:4)
  3 orc skeletons (Ossuary)
  3 orc zombies
  A quokka skeleton (D:7)
  8 rats
  3 fungi
  A plant (Lair:6)
692 creatures vanquished.

Vanquished Creatures (collateral kills)
  Roxanne (Swamp:1)
  An orc warlord (Orc:2)
  9 hydras
  3 catoblepae (Lair:6)
  A rakshasa (D:12)
  A centaur warrior (D:12)
  5 alligators
  4 death yaks (Lair:6)
  4 swamp dragons
  4 shambling mangroves
  3 wolf spiders (Spider:1)
  4 oklob plants (Lair:4)
  2 orb spiders
  An orc sorcerer (Orc:2)
  3 elephants (Lair:6)
  5 spiny frogs
  3 komodo dragons
  3 jumping spiders (Spider:2)
  2 hornets (Swamp:3)
  2 trolls
  3 tyrant leeches
  5 bog bodies
  A dream sheep (Lair:6)
  5 blink frogs
  A hippogriff (Lair:5)
  4 slime creatures (Swamp:2)
  2 tarantellas (Spider:1)
  3 redbacks
  23 yaks
  2 spriggans (Swamp:3)
  3 wraiths (Orc:2)
  A shadow (Swamp:4)
  A wyvern (D:12)
  3 vampire mosquitoes
  7 swamp worms
  2 porcupines
  7 swamp drakes
  25 orc warriors
  A black bear (Lair:4)
  An ogre (Orc:2)
  A crocodile (Lair:4)
  7 orc priests
  7 orc wizards (Orc:2)
  24 orcs
  2 fungi
  A plant (Lair:4)
203 creatures vanquished.

Vanquished Creatures (others)
  A spriggan druid (Swamp:1)
  A rime drake (Lair:3)
  An ice beast (D:6)
  A bullfrog skeleton (D:6)
  20 fungi
  14 plants
38 creatures vanquished.

Grand Total: 933 creatures vanquished

Notes
Turn   | Place    | Note
-------+----------+-------------------------------------------
     0 | D:1      | nubinia the Tengu Air Elementalist began the quest for the Orb.
     0 | D:1      | Reached XP level 1. HP: 10/10 MP: 4/4
   221 | D:1      | Reached XP level 2. HP: 15/15 MP: 3/6
   253 | D:1      | Learned a level 2 spell: Swiftness
  1395 | D:2      | Reached XP level 3. HP: 19/19 MP: 4/7
  1684 | D:2      | Found a shimmering altar of Xom.
  2031 | D:3      | Reached skill level 5 in Air Magic
  2082 | D:3      | Reached XP level 4. HP: 24/24 MP: 4/9
  2127 | D:3      | Learned a level 3 spell: Static Discharge
  2297 | D:3      | Noticed a big kobold
  2588 | D:3      | Noticed a sky beast
  2722 | D:4      | Gained mutation: You can fly. [Tengu growth]
  2722 | D:4      | Reached XP level 5. HP: 21/28 MP: 6/10
  2849 | D:4      | Noticed an ice beast
  2861 | D:4      | Killed an ice beast
  3426 | D:3      | Reached XP level 6. HP: 31/32 MP: 6/12
  3904 | D:4      | Reached skill level 6 in Air Magic
  4045 | D:4      | Found a basalt altar of Yredelemnul.
  4056 | D:4      | Found a blossoming altar of Fedhas.
  4058 | D:4      | Found a shattered altar of Ashenzari.
  4106 | D:5      | Entered Level 5 of the Dungeon
  4175 | D:5      | Noticed a hippogriff
  4520 | D:5      | Found Saigungasm's Armour Shop.
  4531 | D:5      | Reached XP level 7. HP: 30/37 MP: 3/14
  4706 | D:5      | Learned a level 1 spell: Magic Dart
  4710 | D:5      | Learned a level 3 spell: Mephitic Cloud
  4715 | D:5      | Learned a level 4 spell: Airstrike
  4756 | D:4      | Found Juynoid's Armour Shop.
  4766 | D:4      | Noticed Eustachio
  5157 | D:5      | Noticed a two-headed ogre
  5402 | D:5      | Killed a hippogriff
  5402 | D:5      | Reached skill level 1 in Fighting
  5402 | D:5      | Reached skill level 1 in Long Blades
  5402 | D:5      | Reached skill level 7 in Air Magic
  5496 | D:5      | Reached skill level 5 in Conjurations
  5727 | D:6      | Reached skill level 5 in Spellcasting
  5727 | D:6      | Reached skill level 8 in Air Magic
  5727 | D:6      | Reached XP level 8. HP: 43/43 MP: 1/16
  6457 | D:5      | Reached skill level 9 in Air Magic
  6807 | D:6      | Found a staircase to the Ecumenical Temple.
  6816 | Temple   | Entered the Ecumenical Temple
  6825 | Temple   | Became a worshipper of Sif Muna the Loreminder
  7037 | D:5      | Killed a two-headed ogre
  7037 | D:5      | Reached * piety under Sif Muna
  7037 | D:5      | Reached skill level 10 in Air Magic
  7037 | D:5      | Reached skill level 1 in Poison Magic
  7037 | D:5      | Reached XP level 9. HP: 47/47 MP: 0/19
  7213 | D:5      | Learned a level 3 spell: Conjure Flame
  7285 | D:7      | Found a sand-covered staircase.
  7294 | Ossuary  | Entered an ossuary
  8061 | D:7      | Reached ** piety under Sif Muna
  8061 | D:7      | Reached skill level 11 in Air Magic
  8079 | D:7      | Found Japnukha's Gadget Shoppe.
  9300 | D:8      | Reached XP level 10. HP: 53/53 MP: 2/21
  9422 | D:8      | Found a shimmering altar of Xom.
  9423 | D:8      | Gained mutation: You have an increased reservoir of magic. (+10% MP) [potion of mutation]
  9423 | D:8      | Gained mutation: You are resistant to hostile enchantments. (MR+) [potion of mutation]
  9423 | D:8      | Gained mutation: You can translocate small distances at will. [potion of mutation]
  9423 | D:8      | Gained mutation: You have a pair of small antennae on your head. [potion of mutation]
  9666 | D:8      | Reached *** piety under Sif Muna
 10233 | D:9      | Found a snail-covered altar of Cheibriados.
 10900 | D:9      | Reached skill level 1 in Fire Magic
 10931 | D:9      | Reached skill level 12 in Air Magic
 11870 | D:10     | Entered Level 10 of the Dungeon
 12008 | D:10     | Found Dist's Changing Room.
 12229 | D:10     | Reached **** piety under Sif Muna
 13505 | D:11     | Reached skill level 13 in Air Magic
 13530 | D:11     | Reached XP level 11. HP: 37/58 MP: 2/25
 13997 | D:11     | Noticed a two-headed ogre
 14007 | D:11     | Killed a two-headed ogre
 14264 | D:11     | Reached ***** piety under Sif Muna
 14520 | D:11     | Found a staircase to the Lair.
 14573 | D:11     | Noticed a two-headed ogre
 14689 | D:5      | Bought the +3 crown of Dyrovepreva {rElec Int+2 SInv} for 621 gold pieces
 14970 | D:11     | Killed a two-headed ogre
 15861 | Lair:1   | Entered Level 1 of the Lair of Beasts
 15870 | Lair:1   | Received a gift from Sif Muna
 15873 | Lair:1   | Identified Sif Muna's Papyrus of Combat Magic (Sif Muna gifted it to you on level 1 of the Lair of Beasts)
 15880 | Lair:1   | Learned a level 5 spell: Lightning Bolt
 16375 | Lair:1   | Reached skill level 14 in Air Magic
 17690 | Lair:2   | Reached skill level 5 in Fire Magic
 18101 | Lair:2   | Reached XP level 12. HP: 64/64 MP: 3/28
 18231 | Lair:2   | Identified Sif Muna's Collected Works on Dislocated Arcane Weapons (Sif Muna gifted it to you on level 2 of the Lair of Beasts)
 18231 | Lair:2   | Received a gift from Sif Muna
 18231 | Lair:2   | Reached skill level 15 in Air Magic
 18236 | Lair:2   | Learned a level 3 spell: Dazzling Spray
 18332 | Lair:2   | Noticed a four-headed hydra
 18339 | Lair:2   | Killed a four-headed hydra
 18546 | Lair:2   | HP: 3/64 [poisoned by a spiny frog]
 18552 | Lair:2   | HP: 2/64 [poisoned by a spiny frog]
 18560 | Lair:2   | HP: 2/64 [poisoned by a spiny frog]
 19108 | Lair:2   | Reached skill level 5 in Long Blades
 19604 | Lair:3   | Reached skill level 10 in Conjurations
 19909 | Lair:3   | Noticed a four-headed hydra
 19915 | Lair:3   | Killed a four-headed hydra
 20532 | Lair:3   | Reached skill level 16 in Air Magic
 21539 | Lair:3   | Identified Sif Muna's Papyrus of Terra Cotta (Sif Muna gifted it to you on level 3 of the Lair of Beasts)
 21539 | Lair:3   | Received a gift from Sif Muna
 21572 | Lair:3   | Learned a level 4 spell: Sticky Flame
 22210 | D:12     | Reached XP level 13. HP: 68/68 MP: 11/30
 22339 | D:12     | Reached skill level 10 in Spellcasting
 22539 | D:12     | Reached skill level 17 in Air Magic
 22896 | D:12     | Found a staircase to the Orcish Mines.
 23448 | D:12     | Found a runed door.
 23573 | D:12     | Noticed a rakshasa
 23586 | D:12     | Killed a rakshasa
 23588 | D:12     | Got a smoking ivory amulet
 23589 | D:12     | Identified the amulet "Egij" {Reflect MR+ SH+3} (You took it off an efreet on level 12 of the Dungeon)
 23746 | D:12     | Learned a level 4 spell: Summon Lightning Spire
 23747 | D:12     | Identified the +2 halberd of Ichachal {venom, rF+ Int+4} (You took it off a centaur warrior on level 12 of the Dungeon)
 23748 | D:12     | Identified the ring of Paeq {Wiz Dex+5 Stlth+} (You took it off a centaur warrior on level 12 of the Dungeon)
 23794 | Orc:1    | Entered Level 1 of the Orcish Mines
 24308 | Orc:1    | Found a bloodstained altar of Trog.
 24466 | Orc:1    | Noticed an orc warlord
 24825 | D:5      | Bought the +1 cloak of Intercession {Slay+3 Stlth+} for 478 gold pieces
 24997 | Orc:1    | Reached skill level 5 in Stealth
 24997 | Orc:1    | Killed an orc warlord
 25292 | Orc:2    | Entered Level 2 of the Orcish Mines
 25388 | Orc:2    | Found a roughly hewn altar of Beogh.
 25461 | Orc:2    | Found a roughly hewn altar of Beogh.
 25475 | Orc:2    | Found Cotoept's Jewellery Shoppe.
 25827 | Orc:2    | Reached skill level 18 in Air Magic
 25969 | Orc:2    | Found a staircase to the Elven Halls.
 26061 | Orc:2    | Found a roughly hewn altar of Beogh.
 26191 | Orc:2    | Found a roughly hewn altar of Beogh.
 26251 | Orc:2    | Noticed Josephine
 26255 | Orc:2    | Killed Josephine
 26975 | Orc:2    | Found a roughly hewn altar of Beogh.
 26976 | Orc:2    | Found Peful's Weapon Emporium.
 27558 | Orc:2    | Reached skill level 1 in Summonings
 27572 | Orc:2    | Noticed an orc warlord
 28062 | Orc:2    | Noticed an orc warlord
 28106 | Orc:2    | Killed an orc warlord
 28156 | Orc:2    | Gained mutation: You can fly continuously. [Tengu growth]
 28156 | Orc:2    | Reached XP level 14. HP: 72/72 MP: 3/32
 28324 | Orc:2    | Found Viwk's Antique Weapon Shop.
 28325 | Orc:2    | Found a roughly hewn altar of Beogh.
 28341 | Orc:2    | Found Veite's Antique Armour Boutique.
 28356 | Orc:2    | Bought a fine shield for 313 gold pieces
 28356 | Orc:2    | Identified the +5 shield of Narcissism {Slay+5} (You bought it in a shop on level 2 of the Orcish Mines)
 28362 | Orc:2    | Upgraded the game from 0.20-a0-949-g916514f to 0.20-a0-957-g47ad1fd
 28410 | Orc:2    | Found a roughly hewn altar of Beogh.
 28949 | Lair:4   | Received a gift from Sif Muna
 29104 | Lair:4   | Reached skill level 1 in Charms
 29229 | Lair:4   | Found a hole to the Spider Nest.
 29300 | Lair:4   | Found a staircase to the Swamp.
 29679 | Lair:4   | Noticed Nessos
 29985 | Lair:3   | Learned a level 6 spell: Deflect Missiles
 30162 | Lair:4   | Killed Nessos
 30324 | Lair:4   | Reached skill level 19 in Air Magic
 31456 | Lair:5   | Found a shattered altar of Ashenzari.
 31852 | Lair:6   | Entered Level 6 of the Lair of Beasts
 31870 | Lair:6   | Found a staircase to the Slime Pits.
 31870 | Lair:6   | Found a viscous altar of Jiyva.
 32263 | Lair:6   | Identified Sif Muna's Guide on Excruciating Ignition (Sif Muna gifted it to you on level 6 of the Lair of Beasts)
 32263 | Lair:6   | Received a gift from Sif Muna
 32351 | Lair:6   | Learned a level 4 spell: Force Lance
 33217 | Lair:6   | Identified the +7 morningstar "Jykhlu Paluo" {drain, rF++} (You found it on level 6 of the Lair of Beasts)
 33343 | Lair:6   | Reached skill level 1 in Translocations
 34292 | Swamp:1  | Entered Level 1 of the Swamp
 34292 | Swamp:1  | Noticed Roxanne
 34331 | Swamp:1  | Killed Roxanne
 34331 | Swamp:1  | Reached XP level 15. HP: 78/78 MP: 27/34
 34490 | Swamp:1  | Noticed Louise
 34496 | Swamp:1  | Killed Louise
 34681 | Swamp:1  | Reached skill level 20 in Air Magic
 34916 | Swamp:1  | Identified Daiqes's Volume of the Creative Oath (Sif Muna gifted it to you on level 1 of the Swamp)
 34916 | Swamp:1  | Received a gift from Sif Muna
 36102 | Swamp:1  | Reached skill level 1 in Shields
 37042 | Swamp:2  | Noticed a thorn hunter
 37060 | Swamp:2  | Killed a thorn hunter
 37299 | Swamp:2  | Reached skill level 1 in Armour
 39117 | Swamp:3  | Noticed a thorn hunter
 39129 | Swamp:3  | Killed a thorn hunter
 39407 | Swamp:3  | Identified Sif Muna's Disquisition on Heat and the Escort (Sif Muna gifted it to you on level 3 of the Swamp)
 39407 | Swamp:3  | Received a gift from Sif Muna
 39411 | Swamp:3  | Learned a level 2 spell: Throw Flame
 39825 | Swamp:3  | Upgraded the game from 0.20-a0-957-g47ad1fd to 0.20-a0-959-gdc9e609
 39850 | Swamp:4  | Entered Level 4 of the Swamp
 39850 | Swamp:4  | Noticed a thorn hunter
 39863 | Swamp:4  | Killed a thorn hunter
 40048 | Swamp:4  | Reached skill level 21 in Air Magic
 40049 | Swamp:4  | Noticed a tentacled monstrosity
 40358 | Lair:3   | Learned a level 5 spell: Iskenderun's Battlesphere
 40515 | Swamp:3  | Killed a tentacled monstrosity
 40515 | Swamp:3  | Reached XP level 16. HP: 50/83 MP: 0/36
 41546 | Swamp:4  | Noticed the 27-headed Lernaean hydra
 41553 | Swamp:4  | Reached skill level 1 in Invocations
 41788 | Swamp:4  | Noticed a thorn hunter
 41790 | Swamp:4  | Reached skill level 10 in Fire Magic
 41793 | Swamp:4  | Killed a thorn hunter
 42094 | Swamp:4  | Identified Sif Muna's Incunabulum of the Birds (Sif Muna gifted it to you on level 4 of the Swamp)
 42094 | Swamp:4  | Received a gift from Sif Muna
 42591 | Swamp:4  | Killed the 27-headed Lernaean hydra
 42730 | Swamp:4  | Got a decaying rune of Zot
 43156 | Spider:1 | Entered Level 1 of the Spider Nest
 43439 | Spider:1 | Identified the +3 ring mail "Von Wiag" {Regen+} (You found it on level 1 of the Spider Nest)
 45290 | Spider:2 | Noticed Agnes
 45303 | Spider:2 | Slain by Agnes

Vault maps used:
D:1:      minmay_arrival_four_loops, grunt_decor_one_mirror, serial_bayou_pond_d
D:2:      dk_xom_monty_hall
D:3:      cheibrodos_thug_alley, minmay_divided_ellipse
D:4:      grunt_temple_overflow_open, serial_shops, shop_statue, uniq_eustachio
D:5:      serial_shops, nicolae_shop_trees, first_bread
D:6:      lemuel_temple_firewalk_b
D:7:      serial_shops, shop, nicolae_ossuary_entry_catacombs
D:8:      kennysheep_little_box
D:9:      basic_altar, grunt_livestock
D:10:     nicolae_transmutations_shop
D:11:     grunt_lair_entry_orc_guard_hut, minivault_27
D:12:     david_orc_3, minmay_st_funbox
Temple:   nicolae_temple_no_exploring_needed
Lair:1:   serial_bayou_pond_c, grunt_megastairs_2
Lair:2:   minivault_26
Lair:3:   serial_bayou_shore_a
Lair:4:   minmay_swamp_entry_worms, nicolae_spider_entry_non_spiders,
          minmay_lair_oklob_chamber, uniq_nessos
Lair:5:   basic_altar
Lair:6:   evilmike_catoblepas_cave, slime_altar_1, infiniplex_staircase_pool,
          grunt_megastairs_4
Swamp:1:  evilmike_swamp_ruin_rubble_1, uniq_louise, uniq_roxanne
Swamp:2:  hangedman_swamp_cone
Swamp:3:  nicolae_swamp_round_clearing, swamp_pool5
Swamp:4:  swamp
Spider:2: uniq_arachne, uniq_agnes
Orc:1:    basic_altar
Orc:2:    grunt_orc_community_town_hall, grunt_orc_community_big_house_1,
          grunt_orc_community_big_house_1, grunt_orc_community_house_1,
          grunt_orc_community_house_3, grunt_orc_community_house_1,
          grunt_orc_community_house_3, grunt_orc_community_house_1,
          grunt_orc_community_house_1, uniq_josephine
Ossuary:  ossuary_due_cavern

Skill      XL: |  1  2  3  4  5  6  7  8  9 10 11 12 13 14 15 16 |
---------------+-------------------------------------------------+-----
Air Magic      | 5 6 8 10 11 13 14 16 18 19 21 | 21.7
Spellcasting   | 3 4 5 6 7 8 9 10 11 12 13 | 13.0
Conjurations   | 2 3 4 5 6 7 8 9 10 11 12 13 14 | 14.0
Fighting       | 1 2 3 |  3.2
Long Blades    | 1 3 4 5 6 |  6.1
Poison Magic   | 1 2 3 |  3.0
Stealth        | 3 4 5 |  5.8
Fire Magic     | 3 5 6 8 9 10 | 10.4
Dodging        | 3 4 |  4.4
Summonings     | 1 2 3 |  3.8
Charms         | 1 2 |  2.1
Translocations | 1 3 4 |  4.0
Shields        | 1 |  1.5
Armour         | 1 2 |  2.6
Invocations    | 3 |  3.4
Evocations     | |  0.8

Action                   |  1- 3 |  4- 6 |  7- 9 | 10-12 | 13-15 | 16-18 || total
-------------------------+-------+-------+-------+-------+-------+-------++-------
Melee: Unarmed           |     6 |     1 |       |       |       |       ||     7
       Kick              |     1 |     4 |    38 |    67 |   120 |    18 ||   248
       Falchion          |       |    11 |   131 |   167 |   293 |    47 ||   649
       Peck              |       |       |    35 |    37 |    84 |    15 ||   171
 Cast: Shock             |    73 |    83 |   103 |   361 |   359 |   139 ||  1118
       Static Discharge  |       |     8 |     5 |    57 |    18 |       ||    88
       Airstrike         |       |       |    54 |   179 |   436 |    67 ||   736
       Mephitic Cloud    |       |       |     6 |    26 |    41 |     2 ||    75
       Conjure Flame     |       |       |       |     3 |     2 |       ||     5
       Sticky Flame      |       |       |       |     2 |       |     3 ||     5
       Summon Lightning  |       |       |       |       |   107 |    31 ||   138
       Lightning Bolt    |       |       |       |       |    10 |     2 ||    12
       Deflect Missiles  |       |       |       |       |     4 |     1 ||     5
       Force Lance       |       |       |       |       |    12 |    24 ||    36
       Throw Flame       |       |       |       |       |     8 |       ||     8
       Iskenderun's Batt |       |       |       |       |     1 |    43 ||    44
       Swiftness         |       |       |       |       |       |     1 ||     1
Invok: Divine Energy     |       |       |     1 |       |       |       ||     1
       Channel Magic     |       |       |       |       |     3 |       ||     3
 Abil: Fly               |       |     5 |    22 |    55 |    37 |       ||   119
Evoke: Wand              |       |       |     3 |       |     6 |     3 ||    12
       Phial of floods   |       |       |       |       |     2 |       ||     2
       Lightning rod     |       |       |       |       |     2 |     2 ||     4
       Lamp of fire      |       |       |       |       |     1 |     1 ||     2
  Use: Scroll            |     4 |     7 |     4 |     8 |    16 |     3 ||    42
       Potion            |     1 |     2 |       |     3 |     6 |       ||    12
 Stab: Sleeping          |       |     2 |    15 |     3 |       |     1 ||    21
       Confused          |       |       |     4 |    11 |    13 |       ||    28
       Distracted        |       |       |       |       |     8 |     2 ||    10
  Eat: Chunk             |     5 |     8 |    17 |    47 |    70 |    16 ||   163
       Royal jelly       |       |       |     3 |     7 |     2 |     1 ||    13
       Bread ration      |       |       |     1 |       |       |       ||     1
       Fruit             |       |       |       |     1 |     1 |     4 ||     6
Armor: Robe              |     2 |     4 |    10 |    26 |    31 |       ||    73
       Skin              |       |       |       |       |    20 |       ||    20
       Swamp dragon scal |       |       |       |       |    28 |    39 ||    67
Dodge: Dodged            |    10 |    28 |   101 |   173 |   211 |    69 ||   592
       Deflected         |       |       |       |       |    12 |     3 ||    15
Block: Other             |       |       |       |       |    10 |       ||    10
       Reflection        |       |       |       |       |     5 |       ||     5
       Shield            |       |       |       |       |    76 |       ||    76
       Buckler           |       |       |       |       |    42 |    45 ||    87
       Rpst.: Falchion   |       |     4 |    38 |    50 |    42 |     3 ||   137
